 Dungeon Crawl Stone Soup version 0.26-a0-30-g56b8cd3df0 (webtiles) character file.

Game seed: 14607857080250317669, levelgen mode: deterministic

34 Esekla the Magician (level 3, -2/16 HPs)
             Began as a Vine Stalker Wanderer on May 29, 2020.
             Killed from afar by an orc wizard (6 damage)
             ... with a puff of flame
             ... on level 4 of the Dungeon.
             The game lasted 00:07:45 (1524 turns).

Esekla the Magician (Vine Stalker Wanderer)         Turns: 1524, Time: 00:07:46

Health: -2/16      AC:  2    Str: 12    XL:     3   Next: 31%
Magic:  0/8        EV: 11    Int: 14    God:
Gold:   30         SH:  0    Dex: 14    Spells: 0/8 levels left

rFire    . . .     SeeInvis .   e - +0 short sword
rCold    . . .     Gourm    .   (no shield)
rNeg     . . .     Faith    .   d - +0 robe
rPois    .         Spirit   +   (no helmet)
rElec    .         Reflect  .   (no cloak)
rCorr    .         Harm     .   (no gloves)
MR       .....                  (no boots)
Stlth    ++........             (no amulet)
HPRegen  0.05/turn              (no ring)
MPRegen  0.11/turn              (no ring)

@: no status effects
A: fangs 2, magic shield, antimagic bite, no potion heal 3, rot immunity
a: no special abilities


You were on level 4 of the Dungeon.
You were near starving.

You visited 1 branch of the dungeon, and saw 4 of its levels.

You collected 30 gold pieces.

Inventory:

Hand Weapons
 e - a +0 short sword (weapon)
Armour
 d - a +0 robe (worn)
Jewellery
 i - an uncursed ring of flight {unknown}
Wands
 j - a wand of acid (11)
Scrolls
 c - a scroll of amnesia {unknown}
 g - a scroll of enchant armour {unknown}
Potions
 a - 2 potions of haste {unknown}
 b - a potion of cancellation {unknown}
 h - 2 potions of lignification {unknown}
Comestibles
 f - a ration


   Skills:
 + Level 0.1 Fighting
 + Level 0.4 Short Blades
 - Level 1.2 Stealth
   Level 1.0 Shields
 * Level 3.3 Spellcasting
 * Level 0.8 Charms
   Level 1.0 Transmutations
 * Level 3.0 Ice Magic
 * Level 2.0 Air Magic


You couldn't memorise any spells.
You knew the following spells:

 Your Spells              Type           Power        Failure   Level  Hunger
a - Ozocubu's Armour      Chrm/Ice       #.......     28%         3    ###....
r - Frozen Ramparts       Ice            ##....       19%         3    ###....
w - Swiftness             Chrm/Air       #.......     17%         2    ##.....

Your spell library contained the following spells:

 Spells                   Type           Power        Failure   Level  Hunger
 Freeze                   Ice            ##..         6%          1    #......
 Sandblast                Erth           #.....       21%         1    #......
 Corpse Rot               Necr/Air       N/A          21%         2    ##.....
 Stone Arrow              Conj/Erth      #.....       52%         3    ###....
 Hailstorm                Conj/Ice       #.......     73%         4    #####..
 Summon Ice Beast         Ice/Summ       #.......     73%         4    #####..


Dungeon Overview and Level Annotations

Branches:
Dungeon (4/15)
 Temple: D:4-7

Altars:
Ashenzari


Innate Abilities, Weirdness & Mutations

You have extremely sharp teeth.
When hurt, damage is shared between your health and your magic reserves.
Your bite disrupts and absorbs the magic of your enemies.
Potions cannot restore your health.
You are immune to rotting.


Message History

Magic restored.
You start resting.
HP restored.
An orc wizard comes into view. It is wielding a +0 dagger.
The orc wizard shouts!
You hear a shout!
An orc wizard comes into view. It is wielding a -3 dagger.
The orc wizard picks up a scroll labeled KIALIGG AKKI.
An orc priest comes into view. It is wielding a +0 dagger.
The orc priest calls down the wrath of Beogh upon you.
Beogh smites you!
Ouch! That really hurt!
The orc wizard mumbles some strange words.
The orc wizard flickers and vanishes!
Deactivating autopickup; reactivate with Ctrl-A.
The orc wizard gestures at you while chanting.
The puff of frost hits you.
* * * LOW HITPOINT WARNING * * *
A puff of flame appears from out of thin air!
The puff of flame hits you!
You die...

#######
#...@.#
###.#.#
#.#.#
#.#{#
#.#o#
#.#.#
#.#o#
#.#.#
#.#..


You could see an orc priest and an orc wizard.

Vanquished Creatures
  An adder (D:2)
  A dart slug (D:2)
  A leopard gecko (D:2)
  A giant cockroach (D:2)
  A goblin (D:3)
  3 hobgoblins
  4 jackals (D:1)
  3 kobolds
  A bat (D:3)
  4 rats
20 creatures vanquished.

Notes
Turn   | Place    | Note
-------+----------+-------------------------------------------
     0 | D:1      | Esekla the Vine Stalker Wanderer began the quest for the
                  | Orb.
     0 | D:1      | Esekla set off with the following items: a +0 dagger, a +0
                  | robe, a ration; and the following spells available to
                  | memorise: Freeze, Frozen Ramparts, Sandblast, Corpse Rot,
                  | Swiftness, Ozocubu's Armour, Stone Arrow, Hailstorm, Summon
                  | Ice Beast
     0 | D:1      | Reached XP level 1. HP: 9/9 MP: 4/4
   143 | D:1      | Reached XP level 2. HP: 1/13 MP: 3/6
   593 | D:2      | Found a shattered altar of Ashenzari.
   841 | D:2      | Learned a level 2 spell: Swiftness
  1031 | D:2      | Reached XP level 3. HP: 5/16 MP: 1/8
  1364 | D:2      | Learned a level 3 spell: Ozocubu's Armour
  1368 | D:2      | Learned a level 3 spell: Frozen Ramparts
  1524 | D:4      | Killed from afar by an orc wizard

Illustrated notes

Levels and vault maps discovered:
D:1:      minmay_arrival_arboretum_large, layout_basic
D:2:      layout_loops_cross, chequers_serial_rivers_small_a,
          minmay_misc_feat_roman, ashenzari_altar_1, uniq_crazy_yiuf_cottage
D:3:      layout_rooms, first_ration
D:4:      layout_basic, minmay_temple_entry_poolview

Skill      XL: |  1  2 |
---------------+-------+-----
Spellcasting   | 3 |  3.3
Fighting       | |  0.1
Short Blades   | |  0.4
Stealth        | |  1.2
Shields        | |  1.0
Charms         | |  0.8
Transmutations | |  1.0
Ice Magic      | |  3.0
Air Magic      | |  2.0

Action                   || total
-------------------------++-------
Melee: Dagger            ||    34
       Bite              ||    16
       Short sword       ||    46
 Stab: Sleeping          ||     1
Armor: Robe              ||     7
Dodge: Dodged            ||    52

Table legend:
 A = Non-vault XP
 B = Vault XP
 C = Vault XP percentage of total XP
 D = Non-vault monster count
 E = Vault monster count
 F = Vault count percentage of total count
                 A         B        C        D         E       F
            +---------+---------+-------+---------+---------+-------
      Total |      49 |       0 |   0.0 |      20 |       0 |   0.0
            +---------+---------+-------+---------+---------+-------
        D:1 |      13 |       0 |   0.0 |       7 |       0 |   0.0
        D:2 |      31 |       0 |   0.0 |       9 |       0 |   0.0
        D:3 |       5 |       0 |   0.0 |       4 |       0 |   0.0
            +---------+---------+-------+---------+---------+-------
